[Event "Titled Tuesday Blitz January 18 2022"]
[White "Izoria, Zviad"]
[Black "Klimkowski, Jan"]
[WhiteFideId "13601733"]
[BlackFideId "21856222"]
[WhiteElo "2626"]
[BlackElo "2172"]
[Result "0-1"]
[Round "08"]
[TimeControl "180+1"]
[Date "2022.01.18"]
[WhiteClock "0:00:03"]
[BlackClock "0:00:43"]

1. Nf3 Nf6 2. c4 e6 3. Nc3 d5 4. e3 Be7 5. b3 O-O 6. Bb2 c5 7. cxd5 exd5 8. d4 Nc6 9. Be2 Bg4 10. dxc5 Bxc5 11. O-O Re8 12. Rc1 Bb4 13. a3 Be7 14. b4 Rc8 15. h3 Bh5 16. Nh4 Bxe2 17. Nxe2 Ne4 18. Nf5 Bf6 19. Bxf6 Qxf6 20. Qxd5 Re5 21. Qd7 Qxf5 22. Qxf5 Rxf5 23. Rfd1 Nf6 24. Nf4 a6 25. g4 Re5 26. Nd3 Re7 27. Nc5 h6 28. Kg2 Rec7 29. Na4 Ne7 30. Rxc7 Rxc7 31. Rd8+ Kh7 32. Nc5 Nc6 33. Ra8 Nd7 34. Nd3 Nce5 35. Nf4 Nb6 36. Re8 Ng6 37. Nd3 Na4 38. Kg3 Rd7 39. Nf4 Nxf4 40. Kxf4 Nb6 41. Re4 Nd5+ 42. Kg3 Nc3 43. Rc4 Nb5 44. a4 Nd6 45. Rc5 Ne4+ 0-1


[Site "https://www.chess.com"]

[Event "Titled Tuesday Blitz January 18 2022"]
[White "Jakubowski, Krzysztof"]
[Black "Hasangatin, Ramil"]
[WhiteFideId "1112848"]
[BlackFideId "4122160"]
[WhiteElo "2365"]
[BlackElo "2375"]
[Result "0-1"]
[Round "08"]
[TimeControl "180+1"]
[Date "2022.01.18"]
[WhiteClock "0:00:06"]
[BlackClock "0:00:22"]

1. e4 d5 2. exd5 Qxd5 3. Nc3 Qd6 4. d4 Nf6 5. Nf3 c6 6. Be2 Bg4 7. O-O Nbd7 8. h3 Bh5 9. Be3 e6 10. Qd2 Qc7 11. Rad1 Bd6 12. Rfe1 O-O 13. Ng5 Bxe2 14. Qxe2 Rfe8 15. Nce4 Be7 16. c3 h6 17. Nxf6+ Nxf6 18. Nf3 Nd5 19. Bc1 Bd6 20. Ne5 Bxe5 21. dxe5 b5 22. Rd3 Ne7 23. Qh5 Rad8 24. Rf3 Ng6 25. g3 Rd5 26. Rfe3 Red8 27. Qe2 Qd7 28. f4 Rd1 29. Kf2 Rxe1 30. Kxe1 Qd5 31. Qf3 Qxa2 32. Rd3 Rd5 33. Rxd5 Qxd5 34. Qxd5 cxd5 35. Kd2 Ne7 36. Kd3 Nc6 37. b4 h5 38. Be3 Kf8 39. Bc5+ Ke8 40. g4 hxg4 41. hxg4 Kd7 42. Ke3 a5 43. bxa5 Nxa5 44. f5 Nc4+ 45. Kf4 Kc6 46. Bd4 Kd7 47. Bc5 Nd2 48. Bb4 Ne4 49. Ba5 g5+ 50. Ke3 Ke7 51. Bb4+ Ke8 52. Ba5 Kd7 53. Bb4 Kc6 54. Ba5 Kc5 55. Bb4+ Kc4 0-1


[Site "https://www.chess.com"]

[Event "Titled Tuesday Blitz January 18 2022"]
[White "Jary, Sergey"]
[Black "Perez Gormaz, Matias"]
[WhiteFideId "14110350"]
[BlackFideId "3406342"]
[WhiteElo "2260"]
[BlackElo "2352"]
[Result "1-0"]
[Round "08"]
[TimeControl "180+1"]
[Date "2022.01.18"]
[WhiteClock "0:01:32"]
[BlackClock "0:00:03"]

1. e4 c5 2. Nf3 d6 3. d4 cxd4 4. Nxd4 Nf6 5. f3 e5 6. Bb5+ Nbd7 7. Nf5 a6 8. Bxd7+ Qxd7 9. Nc3 d5 10. Bg5 d4 11. Bxf6 gxf6 12. Nd5 Qc6 13. Nh4 Be6 14. c3 dxc3 15. Nxf6+ Ke7 16. Nd5+ Bxd5 17. exd5 Qc4 18. Nf5+ Ke8 19. bxc3 Qxc3+ 20. Ke2 Rd8 21. Rc1 Qb2+ 22. Rc2 Qb5+ 23. Qd3 Qd7 24. Ne3 Bh6 25. Ng4 Bg7 26. Rd1 f5 27. Ne3 Rf8 28. Rdc1 Rf7 29. Rc7 1-0


[Site "https://www.chess.com"]

[Event "Titled Tuesday Blitz January 18 2022"]
[White "Kalashian, David"]
[Black "Andreikin, Dmitry"]
[WhiteFideId "13302418"]
[BlackFideId "4158814"]
[WhiteElo "2490"]
[BlackElo "2736"]
[Result "0-1"]
[Round "08"]
[TimeControl "180+1"]
[Date "2022.01.18"]
[WhiteClock "0:00:09"]
[BlackClock "0:00:59"]

1. d4 d5 2. Nf3 Nf6 3. c4 c6 4. Qc2 e6 5. g3 Be7 6. Bg2 O-O 7. O-O b6 8. Nc3 Ba6 9. b3 dxc4 10. Ne5 cxb3 11. axb3 Bb7 12. Rd1 Nd5 13. e4 Nb4 14. Qe2 Nd7 15. Nc4 a5 16. Bf4 Ba6 17. d5 e5 18. Be3 c5 19. f4 Bd6 20. Rac1 Nf6 21. Qf3 Bxc4 22. bxc4 a4 23. Nb5 a3 24. Nxd6 Qxd6 25. fxe5 Qxe5 26. Bf4 Qb2 27. e5 a2 28. Ra1 Nc2 29. Rxa2 Rxa2 30. exf6 Nd4 31. Qf1 Ne2+ 32. Kh1 Nxf4 33. fxg7 Re8 34. gxf4 Re2 35. Bf3 Rxh2+ 36. Kg1 Qxg7+ 0-1


[Site "https://www.chess.com"]

[Event "Titled Tuesday Blitz January 18 2022"]
[White "Kalogridis, Antonios"]
[Black "Devaev, Alexander"]
[WhiteFideId "25833901"]
[BlackFideId "4169395"]
[WhiteElo "1495"]
[BlackElo "2185"]
[Result "0-1"]
[Round "08"]
[TimeControl "180+1"]
[Date "2022.01.18"]
[WhiteClock "0:00:06"]
[BlackClock "0:00:01"]

1. d4 Nf6 2. c4 e6 3. Nc3 Bb4 4. e3 c5 5. Nf3 cxd4 6. exd4 d5 7. cxd5 Nxd5 8. Bd2 Nc6 9. Bd3 O-O 10. O-O Be7 11. Re1 Bf6 12. Nxd5 Qxd5 13. Be4 Qd6 14. Bc3 Rd8 15. Qc2 h6 16. Rad1 Ne7 17. Ne5 Nd5 18. Ng4 Bg5 19. g3 Bd7 20. f4 Be7 21. Bxd5 Qxd5 22. Ne3 Qb5 23. f5 Bg5 24. fxe6 Bxe6 25. h4 Bxe3+ 26. Rxe3 Bxa2 27. Rf1 Bc4 28. Rf5 Qa6 29. Ref3 Qg6 30. h5 Qb6 31. Kh2 Bd5 32. Rf1 Qc6 33. Qf2 Qd7 34. Re5 Re8 35. Rf5 Re4 36. Re5 Re8 37. Re1 Rxe1 38. Qxe1 Rxe5 39. Qxe5 a6 40. Kg1 f6 41. Qf4 Qf7 42. Kf2 Qxh5 43. Qb8+ Kh7 44. Qf4 Qh2+ 45. Ke3 Qh5 46. Kd2 Qg6 47. Ke3 Bc4 48. Qe4 f5 49. Qe5 Qg5+ 50. Kf2 Qg6 51. d5 b5 52. d6 b4 53. d7 f4 54. d8=Q Qxg3# 0-1


[Site "https://www.chess.com"]

[Event "Titled Tuesday Blitz January 18 2022"]
[White "Karabalis, Harilos"]
[Black "Liyanage, Ranindu Dilshan"]
[WhiteFideId "4621808"]
[BlackFideId "9915834"]
[WhiteElo "2168"]
[BlackElo "1858"]
[Result "0-1"]
[Round "08"]
[TimeControl "180+1"]
[Date "2022.01.18"]
[WhiteClock "0:00:17"]
[BlackClock "0:00:09"]

1. e4 c5 2. a3 g6 3. h4 h5 4. Bc4 Bg7 5. d3 Nc6 6. Nc3 d6 7. Ba2 Bg4 8. Nge2 Nf6 9. Be3 Rb8 10. Qd2 b5 11. f3 Bd7 12. Nf4 Ne5 13. Nce2 Qc7 14. O-O a5 15. c3 b4 16. axb4 axb4 17. d4 cxd4 18. cxd4 Nc4 19. Qc2 Rc8 20. Rfc1 d5 21. exd5 Bb5 22. Bf2 Bh6 23. Bxc4 Bxc4 24. Qd2 O-O 25. b3 Nxd5 26. Rxc4 Bxf4 27. Qc2 Qd7 28. Qe4 Bh6 29. Ra5 e6 30. Rac5 Rxc5 31. Rxc5 Rc8 32. Qc2 Ra8 33. g3 Qd6 34. Kg2 Be3 35. Be1 Qe7 36. Rc8+ Rxc8 37. Qxc8+ Kg7 38. Qc4 Qf6 39. f4 Bxf4 40. gxf4 Ne3+ 41. Kf3 Nxc4 42. bxc4 b3 43. Bc3 Qd8 44. d5+ Kg8 45. dxe6 fxe6 46. Ke3 Qc7 47. Kd3 Qb7 48. Bb2 Qf3+ 49. Kd2 Qh1 50. c5 Qb1 51. Kc3 Qc2+ 52. Kb4 Qxb2 53. Nd4 Qxd4+ 54. Kxb3 Qxc5 0-1


[Site "https://www.chess.com"]

[Event "Titled Tuesday Blitz January 18 2022"]
[White "Kashefi, Amir Hosein"]
[Black "Sargsyan, Anna M."]
[WhiteFideId "12557935"]
[BlackFideId "13308130"]
[WhiteElo "2098"]
[BlackElo "2271"]
[Result "0-1"]
[Round "08"]
[TimeControl "180+1"]
[Date "2022.01.18"]
[WhiteClock "0:00:01"]
[BlackClock "0:00:03"]

1. d4 d5 2. c4 c6 3. Nc3 Nf6 4. Nf3 dxc4 5. a4 Bf5 6. Ne5 Nbd7 7. Nxc4 Qc7 8. Ne3 Bg6 9. g3 e5 10. Bg2 exd4 11. Qxd4 Bc5 12. Qh4 O-O 13. O-O a5 14. Ng4 Rfe8 15. Nxf6+ Nxf6 16. Bf4 Qb6 17. Bg5 Nd7 18. Rad1 Nf8 19. Rd2 h6 20. Bf4 Ne6 21. e3 Rad8 22. Rfd1 Rxd2 23. Rxd2 Nf8 24. g4 Qb3 25. g5 hxg5 26. Qxg5 Bb4 27. Bh3 Bxc3 28. bxc3 Qxc3 29. Rd4 Qa1+ 30. Kg2 Be4+ 31. f3 Bg6 32. Kg3 Qg1+ 33. Kh4 Qe1+ 34. Qg3 Qc1 35. Bg4 Qc5 36. Kh3 b5 37. Bd6 Qc3 38. axb5 cxb5 39. Bf4 a4 40. Rd6 a3 41. Ra6 b4 42. Qf2 b3 43. Rxa3 Ne6 0-1


[Site "https://www.chess.com"]

[Event "Titled Tuesday Blitz January 18 2022"]
[White "Kaufman, Raymond"]
[Black "Leiva, Gianmarco"]
[WhiteFideId "2015056"]
[BlackFideId "3804399"]
[WhiteElo "2321"]
[BlackElo "2328"]
[Result "1-0"]
[Round "08"]
[TimeControl "180+1"]
[Date "2022.01.18"]
[WhiteClock "0:00:14"]
[BlackClock "0:00:03"]

1. e4 c5 2. Nf3 d6 3. Bb5+ Nd7 4. Ba4 a6 5. c4 Nf6 6. O-O g6 7. Nc3 Bg7 8. d4 O-O 9. d5 Ne5 10. Nxe5 dxe5 11. Be3 Qc7 12. h3 Bd7 13. Bxd7 Nxd7 14. Qe2 Rab8 15. a3 f5 16. Bg5 Bf6 17. Bh6 Bg7 18. Bxg7 Kxg7 19. f4 exf4 20. exf5 Rxf5 21. Qxe7+ Rf7 22. Qe4 Qe5 23. Rae1 Re8 24. Qxe5+ Rxe5 25. d6 b6 26. Nd5 f3 27. gxf3 Rxe1 28. Rxe1 Rxf3 29. Re7+ Rf7 30. Re8 Nf6 31. Nxf6 Kxf6 32. Rb8 Ke6 33. Rxb6 a5 34. Rb5 Kxd6 35. Rxa5 Rf3 36. Rb5 Rxh3 37. b4 Rxa3 38. Rxc5 Rb3 39. Rd5+ Ke6 40. b5 Rb4 41. Rc5 h5 42. Rc6+ Kf5 43. b6 1-0


[Site "https://www.chess.com"]

[Event "Titled Tuesday Blitz January 18 2022"]
[White "Kepeshchuk, Mykhaylo"]
[Black "Salimova, Nurgyul"]
[WhiteFideId "14113139"]
[BlackFideId "2915138"]
[WhiteElo "2279"]
[BlackElo "2185"]
[Result "1-0"]
[Round "08"]
[TimeControl "180+1"]
[Date "2022.01.18"]
[WhiteClock "0:00:02"]
[BlackClock "0:00:05"]

1. d4 Nf6 2. c4 e6 3. g3 d5 4. Bg2 Nc6 5. Nf3 dxc4 6. O-O a6 7. Nbd2 Nxd4 8. Nxc4 Nxf3+ 9. Bxf3 Qxd1 10. Rxd1 Bc5 11. Bf4 Nd5 12. Bxd5 exd5 13. Rxd5 b6 14. Bxc7 Be6 15. Re5 Bd4 16. Re4 Bf6 17. Nxb6 Ra7 18. Bd6 Rb7 19. Bc5 Bxb2 20. Rd1 Bf6 21. a4 Be7 22. Bxe7 Rxe7 23. a5 O-O 24. f4 Rc7 25. Kf2 g6 26. Rd6 Rc5 27. Re5 Rc1 28. Na4 Rb8 29. Rxa6 Rbb1 30. Nc5 Bc4 31. Ra8+ Kg7 32. a6 Rh1 33. h4 Rh2+ 34. Ke3 Rd1 35. Nd3 Ra1 36. a7 Ra2 37. Nc1 Ra1 38. Rc5 Be6 39. Rc7 Ra3+ 40. Kd2 Rg2 41. Rb8 Bd5 42. Rd8 Bf3 43. Rdd7 1-0


[Site "https://www.chess.com"]

[Event "Titled Tuesday Blitz January 18 2022"]
[White "Kislov, Oleg"]
[Black "Mitusov, Semen"]
[WhiteFideId "13503774"]
[BlackFideId "14151049"]
[WhiteElo "2252"]
[BlackElo "2246"]
[Result "0-1"]
[Round "08"]
[TimeControl "180+1"]
[Date "2022.01.18"]
[WhiteClock "0:01:32"]
[BlackClock "0:01:01"]

1. d4 d5 2. Nc3 Nf6 3. Bg5 c5 4. Bxf6 gxf6 5. e4 dxe4 6. d5 f5 7. Qh5 Bg7 8. g4 Bxc3+ 9. bxc3 Qxd5 10. Rd1 Qe5 11. Bb5+ Nc6 12. Ne2 a6 13. Bxc6+ bxc6 14. gxf5 Qxf5 15. Qh4 Be6 16. Ng3 Qe5 17. Qxe4 Qxc3+ 18. Kf1 Bd5 19. Rxd5 cxd5 20. Qxd5 Rc8 21. Kg2 Qf6 22. f3 Rd8 23. Qe4 Rd2+ 24. Ne2 Rg8+ 25. Kf2 Rg5 26. Rb1 Qd4+ 27. Qxd4 cxd4 28. Rc1 Re5 29. Re1 Rxc2 30. Kf1 d3 31. Nd4 Rxe1+ 32. Kxe1 Rxa2 33. h3 e5 34. Nf5 Kd7 0-1


[Site "https://www.chess.com"]

[Event "Titled Tuesday Blitz January 18 2022"]
[White "Klenburg, Michael"]
[Black "Fernandez, Michael"]
[WhiteFideId "14102072"]
[BlackFideId "5803560"]
[WhiteElo "2359"]
[BlackElo "2110"]
[Result "1-0"]
[Round "08"]
[TimeControl "180+1"]
[Date "2022.01.18"]
[WhiteClock "0:01:46"]
[BlackClock "0:00:54"]

1. g3 c5 2. Bg2 Nc6 3. e4 d6 4. d3 Nf6 5. f4 h5 6. h3 g6 7. Nf3 Bg7 8. O-O a6 9. Ng5 O-O 10. Nc3 Rb8 11. Ne2 b5 12. Be3 Bb7 13. c3 e6 14. Qd2 Qe7 15. Rae1 d5 16. e5 Nd7 17. d4 b4 18. g4 hxg4 19. hxg4 Na5 20. b3 Nc6 21. dxc5 Nxc5 22. cxb4 Nd7 23. a3 f6 24. exf6 Nxf6 25. Bc5 Qd7 26. Nd4 Nxd4 27. Bxd4 Rbe8 28. Qc3 Rc8 29. Qh3 1-0


[Site "https://www.chess.com"]

[Event "Titled Tuesday Blitz January 18 2022"]
[White "Klukin, Kirill"]
[Black "Nguyen Hong Nhung"]
[WhiteFideId "24199273"]
[BlackFideId "12412201"]
[WhiteElo "2324"]
[BlackElo "1661"]
[Result "0-1"]
[Round "08"]
[TimeControl "180+1"]
[Date "2022.01.18"]
[WhiteClock "0:00:17"]
[BlackClock "0:01:11"]

1. e4 c5 2. Nf3 e6 3. c3 Nf6 4. e5 Nd5 5. d4 cxd4 6. cxd4 d6 7. Bc4 Be7 8. O-O O-O 9. Bd2 b6 10. Nc3 Nxc3 11. Bxc3 Bb7 12. Qe2 Nd7 13. Rac1 dxe5 14. dxe5 Rc8 15. Bd3 Re8 16. Rfd1 Qc7 17. h4 Bxf3 18. Qxf3 Nxe5 19. Qg3 Ng6 20. Bxg6 hxg6 21. Qg4 Qc4 22. Rd4 Qxa2 23. Ra4 Qd5 24. Rxa7 Rc4 25. Qh3 Rxh4 26. Qg3 Qh5 0-1


[Site "https://www.chess.com"]

[Event "Titled Tuesday Blitz January 18 2022"]
[White "Kopylov, Michael"]
[Black "Baskin, Robert"]
[WhiteFideId "14105080"]
[BlackFideId "24662402"]
[WhiteElo "2385"]
[BlackElo "2488"]
[Result "1-0"]
[Round "08"]
[TimeControl "180+1"]
[Date "2022.01.18"]
[WhiteClock "0:00:16"]
[BlackClock "0:00:05"]

1. d4 d6 2. c4 e5 3. Nf3 exd4 4. Nxd4 Nc6 5. Nc3 g6 6. g3 Bg7 7. Nxc6 bxc6 8. Bg2 Bd7 9. O-O Ne7 10. Qd2 h5 11. b3 h4 12. Bb2 hxg3 13. hxg3 Nf5 14. Ne4 Kf8 15. Rfd1 Qe7 16. Rac1 Re8 17. Bxg7+ Kxg7 18. Qa5 Nh4 19. Qc3+ f6 20. gxh4 Rxh4 21. Ng3 Reh8 22. Qa5 Bh3 23. Bf3 Bg4 24. Bxc6 f5 25. Qxa7 f4 26. Qd4+ Qe5 27. Nf1 f3 28. exf3 Rh1+ 29. Kg2 Bh3+ 30. Kxh1 Bxf1+ 31. Kg1 Be2 32. Qxe5+ dxe5 33. Rd7+ Kf6 34. Rxc7 Bd3 35. Be4 1-0


[Site "https://www.chess.com"]

[Event "Titled Tuesday Blitz January 18 2022"]
[White "Kornyukov, Alexey"]
[Black "Musovic, Armin"]
[WhiteFideId "4150457"]
[BlackFideId "939935"]
[WhiteElo "2303"]
[BlackElo "2250"]
[Result "0-1"]
[Round "08"]
[TimeControl "180+1"]
[Date "2022.01.18"]
[WhiteClock "0:00:01"]
[BlackClock "0:00:31"]

1. d4 d5 2. c4 c5 3. cxd5 e6 4. dxe6 Bxe6 5. Nf3 Nc6 6. e3 a6 7. Nc3 Nf6 8. Be2 Be7 9. O-O O-O 10. dxc5 Qa5 11. a3 Qxc5 12. Na4 Qa7 13. b4 Rfd8 14. Qc2 Rac8 15. Qb1 Bg4 16. Bb2 Bh5 17. Rd1 Re8 18. Qa2 Ng4 19. Nd4 Nxd4 20. Bxd4 Qb8 21. g3 Bg5 22. Nb6 Rc6 23. Rac1 Rh6 24. Qb2 Nxh2 25. Bxg7 Bxe2 26. Qxe2 Kxg7 0-1


[Site "https://www.chess.com"]

[Event "Titled Tuesday Blitz January 18 2022"]
[White "Kosakowski, Jakub"]
[Black "Nesterov, Arseniy"]
[WhiteFideId "1185080"]
[BlackFideId "24198455"]
[WhiteElo "2476"]
[BlackElo "2489"]
[Result "1-0"]
[Round "08"]
[TimeControl "180+1"]
[Date "2022.01.18"]
[WhiteClock "0:00:06"]
[BlackClock "0:00:04"]

1. e4 e5 2. Nf3 Nc6 3. Bb5 a6 4. Ba4 b5 5. Bb3 Na5 6. Nc3 d6 7. d4 exd4 8. Qxd4 Bb7 9. Qd3 Nf6 10. Bg5 Be7 11. O-O O-O 12. Rfe1 Nxb3 13. axb3 b4 14. Nb1 Bxe4 15. Bxf6 Bxd3 16. Bxe7 Qd7 17. cxd3 Rfe8 18. Bg5 Qf5 19. Nbd2 Qxd3 20. Be3 h6 21. Rec1 c5 22. Nc4 Re6 23. Na5 Rxe3 24. fxe3 Qxe3+ 25. Kh1 Qf2 26. Nc4 d5 27. Ncd2 a5 28. Rf1 Qe3 29. Rae1 Qd3 30. Rc1 Rc8 31. Rfe1 f6 32. Red1 c4 33. bxc4 dxc4 34. Nxc4 Rxc4 35. Rxd3 Rxc1+ 36. Ng1 Rb1 37. b3 Kf7 38. Rd5 Rxb3 39. Rxa5 Rb1 40. Rb5 b3 41. h3 g5 42. Kh2 h5 43. Nf3 b2 44. Nd2 Re1 45. Rxb2 Re2 46. Rb7+ Kg6 47. Nf3 g4 48. hxg4 hxg4 49. Nd4 Rd2 50. Rb4 f5 51. Ne6 Kf6 52. Nf4 Kg5 53. Kg3 Rc2 54. Rb3 Rc4 55. Ne6+ Kf6 56. Re3 Rb4 57. Nf4 Kg5 58. Ne6+ Kf6 59. Nc7 Kg5 60. Re8 f4+ 61. Kh2 Rb1 62. Rg8+ Kf5 63. Rf8+ Kg5 64. Ne6+ Kh4 65. Rh8# 1-0


[Site "https://www.chess.com"]

[Event "Titled Tuesday Blitz January 18 2022"]
[White "Kucuksari, Kaan"]
[Black "Rustemov, Alexander"]
[WhiteFideId "6380166"]
[BlackFideId "4119002"]
[WhiteElo "2305"]
[BlackElo "2880"]
[Result "1/2-1/2"]
[Round "08"]
[TimeControl "180+1"]
[Date "2022.01.18"]
[WhiteClock "0:00:03"]
[BlackClock "0:00:10"]

1. d4 d5 2. c4 dxc4 3. Nf3 Nf6 4. e3 e6 5. Bxc4 c5 6. O-O a6 7. b3 b6 8. Bb2 Bb7 9. Nbd2 Nbd7 10. Rc1 Be7 11. Bd3 O-O 12. Bb1 Rc8 13. Nc4 b5 14. Nce5 cxd4 15. Qxd4 Nxe5 16. Nxe5 Qxd4 17. Bxd4 Ba3 18. Rxc8 Rxc8 19. f3 Nd5 20. Kf2 f6 21. Nd3 e5 22. Bb2 Bxb2 23. Nxb2 Nc3 24. Bf5 Rd8 25. Nd3 Nxa2 26. Be6+ Kf8 27. Nc5 Bc8 28. Ra1 Nb4 29. Rc1 Ke7 30. Bg4 Bxg4 31. fxg4 Rc8 32. Ke2 a5 33. h4 g6 34. g5 f5 35. h5 e4 36. h6 Rc6 37. Rc3 Nd5 38. Rc1 b4 39. Kd2 Nc3 40. Na4 Rd6+ 41. Kc2 Rd3 42. Re1 Nxa4 43. bxa4 Ra3 44. Kb2 Rxa4 45. Rc1 Ra3 46. Rc7+ Ke6 47. Rxh7 Rxe3 48. Rh8 Kf7 49. Ra8 Re2+ 50. Kb3 Rxg2 51. h7 Rh2 52. h8=Q Rxh8 53. Rxh8 e3 54. Rh3 f4 55. Rf3 Ke6 56. Rxf4 Ke5 57. Rf8 Ke4 58. Kc4 e2 59. Re8+ Kf3 60. Kd3 Kf4 61. Rxe2 Kxg5 62. Ke4 Kh4 63. Kf4 g5+ 64. Kf5 b3 65. Re3 a4 66. Re4+ Kh3 67. Rxa4 b2 68. Rb4 g4 69. Rxb2 g3 70. Kf4 g2 71. Rb1 Kh2 72. Rb2 Kh1 73. Rb1+ g1=Q 74. Rxg1+ Kxg1 1/2-1/2


[Site "https://www.chess.com"]

[Event "Titled Tuesday Blitz January 18 2022"]
[White "Kukhmazov, Arsen"]
[Black "Ruiz Aguilar, Pablo Alexander"]
[WhiteFideId "24108260"]
[BlackFideId "4401352"]
[WhiteElo "2487"]
[BlackElo "2125"]
[Result "1-0"]
[Round "08"]
[TimeControl "180+1"]
[Date "2022.01.18"]
[WhiteClock "0:01:24"]
[BlackClock "0:00:30"]

1. b3 e5 2. Bb2 Nc6 3. e3 a6 4. Nf3 d6 5. d4 e4 6. d5 Nb8 7. Nd4 f5 8. c4 Nf6 9. Nc3 g6 10. h4 h6 11. Ne6 Bxe6 12. dxe6 Bg7 13. Nd5 c6 14. e7 Qa5+ 15. Bc3 Qa3 16. Nxf6+ Bxf6 17. Bxf6 Rh7 18. h5 g5 19. Qd2 Nd7 20. Bb2 Qc5 21. O-O-O d5 22. Kb1 Rxe7 23. cxd5 cxd5 24. Qxd5 Qxd5 25. Rxd5 1-0


[Site "https://www.chess.com"]

[Event "Titled Tuesday Blitz January 18 2022"]
[White "Le, Tuan Minh"]
[Black "Nyzhnyk, Illya"]
[WhiteFideId "12401153"]
[BlackFideId "14118084"]
[WhiteElo "2450"]
[BlackElo "2694"]
[Result "1/2-1/2"]
[Round "08"]
[TimeControl "180+1"]
[Date "2022.01.18"]
[WhiteClock "0:00:07"]
[BlackClock "0:00:13"]

1. d4 Nf6 2. Nf3 g6 3. Bg5 Bg7 4. Nbd2 d5 5. c3 O-O 6. e3 b6 7. Bd3 Bb7 8. Qe2 Nbd7 9. O-O c5 10. a4 a6 11. h3 Re8 12. Bf4 Ne4 13. Rfd1 f5 14. Ne5 Nxe5 15. Bxe5 Bxe5 16. dxe5 Nxd2 17. Rxd2 Qc7 18. f4 e6 19. Qf2 Bc6 20. g4 Qe7 21. a5 bxa5 22. Rxa5 c4 23. Bf1 Reb8 24. Kh2 Rb5 25. Ra1 a5 26. Bg2 Rab8 27. Bf3 Kh8 28. Rg1 a4 29. gxf5 gxf5 30. Rg2 Be8 31. h4 Bf7 32. h5 h6 33. Bd1 Ra5 34. Qg3 Rg8 35. Qe1 Raa8 36. Rxg8+ Rxg8 37. Rg2 Rxg2+ 38. Kxg2 Be8 39. Kh2 Kg7 40. Qg3+ Kf8 41. Qg2 Qb7 42. Qf2 Qb6 43. Kh3 Qc5 44. Kg2 a3 45. bxa3 Qxa3 46. Qd2 Ke7 47. Bf3 Kd8 48. Qd4 Qa5 49. Kg3 Kc7 50. Qd2 Bc6 51. Qb2 Be8 52. Qc1 Qc5 53. Kf2 Kb6 54. Be2 Kc7 55. Qg1 Qe7 56. Qg8 Qh4+ 57. Kf1 Bxh5 58. Bxh5 Qxh5 59. Qxe6 Qf3+ 60. Kg1 Qxe3+ 61. Kg2 Qe2+ 62. Kg1 Qg4+ 63. Kh1 Qh3+ 64. Kg1 Qg3+ 65. Kh1 Qh4+ 66. Kg1 Qe1+ 67. Kg2 Qe4+ 68. Kg1 d4 69. Qd6+ Kb7 70. Qd7+ Kb6 71. Qd6+ Kb7 72. Qd7+ Kb6 73. Qd6+ Kb7 1/2-1/2


[Site "https://www.chess.com"]

[Event "Titled Tuesday Blitz January 18 2022"]
[White "Leitao, Rafael"]
[Black "Brunner, Nicolas"]
[WhiteFideId "2101246"]
[BlackFideId "620246"]
[WhiteElo "2609"]
[BlackElo "2372"]
[Result "1/2-1/2"]
[Round "08"]
[TimeControl "180+1"]
[Date "2022.01.18"]
[WhiteClock "0:00:12"]
[BlackClock "0:00:09"]

1. d4 d5 2. c4 e6 3. Nf3 Be7 4. Nc3 Nf6 5. Bf4 O-O 6. a3 b6 7. cxd5 Nxd5 8. Nxd5 Qxd5 9. e3 c5 10. Be2 Ba6 11. Bxa6 Nxa6 12. Qe2 Qb7 13. O-O Rac8 14. Rac1 cxd4 15. Nxd4 Nc5 16. f3 a6 17. b4 Na4 18. b5 Nc3 19. Qd3 Nxb5 20. Nxb5 axb5 21. Rb1 Ra8 22. Qxb5 Rxa3 23. e4 Qa6 24. Qxa6 Rxa6 25. Be3 Bc5 26. Bxc5 bxc5 27. Rfc1 Rc6 28. Rc4 g5 29. Rb5 Rfc8 30. Kf2 Kg7 31. Ke3 Kf6 32. g3 Ke5 33. f4+ gxf4+ 34. gxf4+ Kd6 35. Rb3 Ra8 36. Rd3+ Ke7 37. Rdc3 Ra2 38. Rxc5 Rxc5 39. Rxc5 Rxh2 40. Kf3 Kf6 41. Kg3 Rh1 42. Rc8 Ra1 43. Rh8 Kg7 44. Rc8 Ra4 45. Kf3 Kg6 46. Rg8+ Kf6 47. Rg1 Ra3+ 48. Kg4 Re3 49. e5+ Kg6 50. Rh1 h6 51. Rh2 Ra3 52. Rh1 Ra2 53. Kf3 h5 54. Rg1+ Kh6 55. Rg8 Ra3+ 56. Kg2 Ra4 57. Kf3 Ra3+ 58. Kg2 Rd3 59. Kf2 Rb3 60. Kg2 Rb1 61. Kf2 Ra1 62. Kf3 Ra3+ 1/2-1/2


[Site "https://www.chess.com"]

[Event "Titled Tuesday Blitz January 18 2022"]
[White "Ljukin, Sergei"]
[Black "Nazaretyan, Tigran"]
[WhiteFideId "14102200"]
[BlackFideId "24162345"]
[WhiteElo "2312"]
[BlackElo "2192"]
[Result "1-0"]
[Round "08"]
[TimeControl "180+1"]
[Date "2022.01.18"]
[WhiteClock "0:00:08"]
[BlackClock "0:00:19"]

1. e4 c5 2. Nf3 Nc6 3. d4 cxd4 4. Nxd4 Nf6 5. Nc3 d6 6. Bc4 e5 7. Nxc6 bxc6 8. Bg5 Be7 9. Qd2 h6 10. Bh4 Rb8 11. O-O-O O-O 12. Bxf6 Bxf6 13. Qxd6 Qb6 14. Bb3 Rd8 15. Qa3 Qxf2 16. Rxd8+ Bxd8 17. Qd6 Bg5+ 18. Kb1 Qb6 19. Rf1 Bf6 20. a3 Ba6 21. Rxf6 gxf6 22. Qxf6 Qc7 23. Qg6+ Kf8 24. Qxh6+ Ke8 25. Ba4 Rb6 26. Nd5 Qd8 27. Qh8+ Kd7 28. Nxb6+ axb6 29. Qxe5 Qh4 30. Bb3 f6 31. Qe6+ Kc7 32. Qe7+ Kb8 33. Qd6+ Kb7 34. Qd7+ Kb8 35. Qxc6 Qf2 36. Ka2 Qc5 37. Qxc5 bxc5 38. h4 Be2 39. Bf7 Kc7 40. h5 Kd7 41. h6 Ke7 42. h7 Kxf7 43. h8=Q Bc4+ 44. b3 Be6 45. Qd8 c4 46. Qd6 cxb3+ 47. cxb3 Bg4 48. a4 Kg7 49. a5 Be2 50. a6 Bxa6 51. Qxa6 f5 52. Qe6 fxe4 53. Qxe4 Kf6 54. Qd5 Ke7 55. Qc6 1-0


[Site "https://www.chess.com"]

[Event "Titled Tuesday Blitz January 18 2022"]
[White "Lomaia, Diana"]
[Black "Manukyan, Artyom"]
[WhiteFideId "13612476"]
[BlackFideId "13305786"]
[WhiteElo "1744"]
[BlackElo "2034"]
[Result "1/2-1/2"]
[Round "08"]
[TimeControl "180+1"]
[Date "2022.01.18"]
[WhiteClock "0:00:18"]
[BlackClock "0:00:09"]

1. d4 d5 2. Nf3 Nf6 3. c4 e6 4. Nc3 c5 5. cxd5 Nxd5 6. e4 Nxc3 7. bxc3 cxd4 8. cxd4 Bb4+ 9. Bd2 Bxd2+ 10. Qxd2 O-O 11. Be2 b6 12. O-O Bb7 13. Bd3 Nc6 14. Bc2 Rc8 15. Rad1 Qf6 16. Bb1 Qh6 17. Qxh6 gxh6 18. d5 exd5 19. exd5 Na5 20. Rd4 Rfd8 21. d6 Bxf3 22. gxf3 Rc4 23. Rfd1 Kf8 24. Bxh7 Rxd4 25. Rxd4 Nb7 26. d7 Ke7 27. Rh4 Rxd7 28. Rxh6 Rd2 29. Rc6 Kd7 30. Rc2 Rd4 31. Bf5+ Kd6 32. Rc8 Ke5 33. Be4 Nd6 34. Rc7 Ra4 35. Re7+ Kf6 36. Rd7 Ke6 37. Rc7 Rxa2 38. h4 Ra4 39. Kg2 f5 40. Bc2 Rxh4 41. Rxa7 b5 42. Ra5 Rd4 43. Kg3 Kf6 44. Ra6 Rd2 45. Rc6 Ke5 46. Bb1 Rd4 47. f4+ Kf6 48. Rc5 b4 49. Kf3 b3 50. Rc6 Rd1 51. Rb6 Rxb1 52. Rxd6+ Ke7 53. Rb6 Kf7 54. Rb5 Kf6 55. Rb6+ Ke7 56. Ke3 b2 57. Kf3 Kd7 58. Rb5 Kd6 59. Rb8 Kd5 60. Rd8+ Kc4 61. Rc8+ Kd3 62. Rd8+ Kc2 63. Rc8+ Kd1 64. Rd8+ Ke1 65. Re8+ Kd1 66. Rd8+ Kc2 67. Rc8+ Kb3 68. Rb8+ Kc4 69. Rc8+ Kd5 70. Rd8+ Ke6 71. Rb8 Kd7 72. Rb5 Kc7 73. Rb3 Kc6 74. Rb8 Kd7 75. Rb3 Ke7 76. Rb5 Kd6 77. Rb6+ Kc5 78. Rb8 Kc4 79. Rc8+ 1/2-1/2


[Site "https://www.chess.com"]